 Dungeon Crawl Stone Soup version 0.30-a0-760-g5a9884bb7c (webtiles) character file.

Game seed: 10886494891563646722

620 bande the Chopper (level 7, -3/44 HPs)
             Began as a Gargoyle Fighter on Feb 11, 2023.
             Was a Follower of Okawaru.
             Slain by an iguana (10 damage)
             ... on level 5 of the Dungeon.
             The game lasted 00:07:02 (3840 turns).

bande the Chopper (Gargoyle Fighter)                Turns: 3840, Time: 00:07:03

Health: -3/44      AC: 15    Str: 19    XL:     7   Next: 46%
Magic:  7/8        EV: 12    Int:  9    God:    Okawaru [*.....]
Gold:   287        SH:  4    Dex: 11    Spells: 6/6 levels left

rFire   . . .      SeeInvis .    a - +0 war axe
rCold   . . .      Faith    .    c - +0 buckler
rNeg    + . .      Spirit   .    g - +0 chain mail
rPois   ∞          Reflect  .    (no helmet)
rElec   +          Harm     .    (no cloak)
rCorr   .          Rampage  .    (no gloves)
Will    .....                    e - +0 pair of boots Stlth
                                 (no amulet)
HPRegen 0.27/turn                l - +5 ring of evasion
MPRegen 0.11/turn                p - +4 ring of slaying

@: no status effects
A: sickness immunity, AC +4, negative energy resistance 1, electricity
resistance, torment resistance 1, petrification resistance
a: Renounce Religion, Heroism


You were on level 5 of the Dungeon.
You worshipped Okawaru.
Okawaru was aware of your devotion.
You visited 2 branches of the dungeon, and saw 6 of its levels.

You collected 287 gold pieces.

Inventory:

Hand Weapons
 a - a +0 war axe (weapon)
 d - a +0 war axe
 h - a +0 flail
Armour
 c - a +0 buckler (worn)
 e - a +0 pair of boots (worn)
 g - a +0 chain mail (worn)
Jewellery
 l - a +5 ring of evasion (left hand)
 p - a +4 ring of slaying (right hand)
Wands
 r - a wand of quicksilver (9)
Scrolls
 k - 2 scrolls of torment
 m - 2 scrolls of teleportation
 u - a scroll of blinking
Potions
 b - a potion of invisibility
 f - a potion of attraction {unknown}
 i - a potion of curing {unknown}
 j - a potion of cancellation {unknown}
 n - a potion of berserk rage {unknown}
 o - 3 potions of magic
 q - 2 potions of heal wounds {unknown}
 s - a potion of lignification {unknown}


   Skills:
 + Level 4.9 Fighting
 + Level 5.2 Axes
 + Level 4.5 Armour
 + Level 4.2 Shields
 * Level 1.4 Invocations
 * Level 1.1 Evocations


You had 6 spell levels left.
You didn't know any spells.
Your spell library was empty.

Dungeon Overview and Level Annotations

Branches:
Dungeon (5/15)             Temple (1/1) D:4

Altars:
Ashenzari
Nemelex Xobeh
Okawaru
Ru
Zin

Shops:
D:1 *


Innate Abilities, Weirdness & Mutations

You are immune to sickness and miasma.
Your stone body is resilient. (AC +4)
You are immune to poison.
You resist negative energy. (rN+)
You are resistant to electric shocks. (rElec)
You are resistant to unholy torment.
You are immune to petrification.


Message History

You slash the iguana!
The iguana is heavily wounded.
You slash the orc!
You kill the orc!
Okawaru accepts your kill.
You hit the hound. You hit the orc. You completely miss something.
The hound bites you but does no damage. The orc hits you but does no damage.
Something hits you but does no damage. The hound closely misses you.
The iguana completely misses you.
Unknown command.
You slash the hound!
The hound is severely wounded.
You hit the iguana but do no damage. You closely miss the orc.
You hit something. The hound bites you. The orc closely misses you.
The iguana barely misses you. Something hits you. The hound bites you.
* * * LOW HITPOINT WARNING * * *
Unknown command.
You bump into the rock wall.
You feel less confused. The hound misses you.
Something hits you but does no damage. The orc closely misses you.
You block the iguana's attack.
You closely miss the orc.
The orc is moderately wounded.
You hit the hound. You barely miss something.
You hit the iguana but do no damage. You block the hound's attack.
The orc hits you but does no damage. Something hits you but does no damage.
The iguana bites you but does no damage.
The hound closely misses you.
Unknown command.
You slash the orc!
You kill the orc!
Okawaru accepts your kill.
You barely miss the iguana. You hit the hound.
You kill the hound!
Okawaru accepts your kill.
You can now gain great but temporary skills.
You closely miss something. The iguana bites you!
* * * LOW HITPOINT WARNING * * *
Something hits you but does no damage. The iguana bites you!
You die...

.#. #... .. #...##
..#..#.# o#....#
.[..[# # #..#.#
#.#:#.#o{.##
#.....)@l..#######
###.#.#)).........
# ####.####..
#.#.####.##
#.........#
##.......#####.#
## ######........#
#. #..###########.
#..# ##.......


You could see an iguana and an orc.

Vanquished Creatures
  Eustachio (D:4)
  A scorpion (D:4)
  2 hounds
  A jelly (D:4)
  3 orc priests (D:5)
  2 orc wizards
  7 gnolls
  4 adders
  2 ufetubi (D:5)
  2 dart slugs
  11 orcs
  7 ball pythons
  7 bats
  10 endoplasms
  3 giant cockroaches
  8 goblins
  8 hobgoblins
  4 kobolds
  7 quokkas
  4 frilled lizards
  9 rats
103 creatures vanquished.

Notes
Turn   | Place    | Note
-------+----------+-------------------------------------------
     0 | D:1      | bande the Gargoyle Fighter began the quest for the Orb.
     0 | D:1      | Reached XP level 1. HP: 14/14 MP: 1/1
    13 | D:1      | Found Nudueck's Assorted Antiques.
   103 | D:1      | Reached XP level 2. HP: 19/19 MP: 2/2
   242 | D:1      | Reached skill level 2 in Axes
   704 | D:1      | Reached XP level 3. HP: 24/24 MP: 3/3
   932 | D:2      | Reached XP level 4. HP: 18/29 MP: 4/4
  1074 | D:2      | Reached skill level 3 in Axes
  2165 | D:3      | Reached XP level 5. HP: 30/33 MP: 5/5
  2581 | D:4      | Noticed Eustachio
  2601 | D:4      | HP: 1/34 [Eustachio/+0 rapier (3)]
  2604 | D:4      | Killed Eustachio
  2605 | D:4      | Reached skill level 4 in Axes
  2605 | D:4      | Reached XP level 6. HP: 3/39 MP: 6/6
  2852 | D:4      | Found a staircase to the Ecumenical Temple.
  2861 | Temple   | Entered the Ecumenical Temple
  2916 | Temple   | Became a worshipper of Warmaster Okawaru
  3333 | D:4      | Reached XP level 7. HP: 38/44 MP: 7/7
  3425 | D:5      | Entered Level 5 of the Dungeon
  3448 | D:5      | Reached skill level 5 in Axes
  3448 | D:5      | Reached skill level 1 in Invocations
  3830 | D:5      | Reached skill level 1 in Evocations
  3840 | D:5      | Reached * piety under Okawaru
  3840 | D:5      | Slain by an iguana

Illustrated notes

Levels and vault maps discovered:
D:1:      ncdulo_wetmaze, layout_basic, serial_shops, nicolae_diamond_shop
D:2:      layout_rooms, minmay_door_square
D:3:      layout_basic
D:4:      layout_loops_ring, minmay_temple_entry_mist,
          kennysheep_generic_room_4, uniq_eustachio
D:5:      wad_river_or_something, layout_loops_ring,
          mainiacjoe_overflow_alcove_4, uniq_duvessa
Temple:   hc_temple_tempest_star

Skill      XL: |  1  2  3  4  5  6  7 |
---------------+----------------------+-----
Axes           | 2 3 4 5 |  5.2
Fighting       | 4 |  4.9
Armour         | 4 |  4.5
Shields        | 4 |  4.2
Invocations    | 1 |  1.4
Evocations     | 1 |  1.1

Action                     |  1- 3 |  4- 6 |  7- 9 || total
---------------------------+-------+-------+-------++-------
  Melee: War axe           |   101 |   123 |    28 ||   252
    Use: Scroll            |     7 |     4 |     1 ||    12
         Potion            |       |     1 |       ||     1
 Armour: Scale mail        |     6 |       |       ||     6
         Chain mail        |    75 |    74 |    35 ||   184
  Dodge: Dodged            |    57 |    97 |    56 ||   210
  Block: Buckler           |    21 |    24 |    17 ||    62

Table legend: (Time is in decaauts)
 A = Elapsed time spent in this place.
 B = Non-inter-level travel time spent in this place.
 C = Inter-level travel time spent in this place.
 D = Time resting spent in this place.
 E = Time spent auto-exploring this place.
 F = Levels seen in this place.
 G = Mean time per level.
                   A        B        C        D        E       F      G
               +--------+--------+--------+--------+--------+-----+--------+
         Total |   3955 |   3911 |     44 |    557 |   2570 |   6 |  659.2 |
       Dungeon |   3879 |   3854 |     25 |    557 |   2525 |   5 |  775.8 |
        Temple |     76 |     57 |     19 |      0 |     45 |   1 |   76.0 |
               +--------+--------+--------+--------+--------+-----+--------+

Top non-repeatable levels by time:
     D:3: 1174 daAuts
     D:1: 847 daAuts
     D:4: 823 daAuts
     D:2: 611 daAuts
     D:5: 422 daAuts
  Temple: 76 daAuts
